 Dungeon Crawl Stone Soup version 0.30-a0-696-g2367cd04db (webtiles) character file.

Game seed: 103217672148351493

632 zero the Digger (level 7, 0/41 HPs)
             Began as a Gargoyle Earth Elementalist on Jan 20, 2023.
             Slain by a gnoll bouda
             ... wielding a +0 club
              (9 damage)
             ... on level 6 of the Dungeon.
             The game lasted 00:03:05 (4086 turns).

zero the Digger (Gargoyle Earth Elementalist)       Turns: 4086, Time: 00:03:06

Health: 0/41       AC:  7    Str: 11    XL:     7   Next: 49%
Magic:  16/23      EV: 11    Int: 18    God:
Gold:   384        SH:  0    Dex: 10    Spells: 10/15 levels left

rFire   . . .      SeeInvis .    d - +0 sling
rCold   . . .      Faith    .    (no shield)
rNeg    + . .      Spirit   .    a - +0 robe
rPois   ∞          Reflect  .    (no helmet)
rElec   +          Harm     .    (no cloak)
rCorr   +          Rampage  .    q - +0 pair of gloves
Will    .....                    (no boots)
Stlth   ++                       (no amulet)
HPRegen 0.26/turn                g - ring of magical power
MPRegen 0.18/turn                r - ring of resist corrosion

@: weakened, very slightly contaminated
A: sickness immunity, AC +4, negative energy resistance 1, electricity
resistance, torment resistance 1, petrification resistance
a: no special abilities


You were on level 6 of the Dungeon.
You visited 1 branch of the dungeon, and saw 6 of its levels.

You collected 384 gold pieces.

Inventory:

Hand Weapons
 c - a +0 short sword of draining
 d - a +0 sling (weapon)
 e - a +0 dagger of electrocution
Missiles
 l - a throwing net
Armour
 a - a +0 robe (worn)
 q - a +0 pair of gloves (worn)
Jewellery
 g - a ring of magical power (left hand)
 r - a ring of resist corrosion (right hand)
Wands
 o - a wand of digging (2)
 t - a wand of paralysis (4)
Scrolls
 h - a scroll of enchant armour {unknown}
 j - a scroll of immolation {unknown}
 m - 2 scrolls of identify {unknown}
 p - a scroll of brand weapon {unknown}
 u - a scroll of torment {unknown}
Potions
 b - a potion of magic
 f - 2 potions of curing {unknown}
 i - 3 potions of lignification {unknown}
 k - a potion of flight {unknown}
 n - 2 potions of haste {unknown}
 s - 2 potions of attraction {unknown}


   Skills:
 + Level 3.0 Fighting
 - Level 1.5 Dodging
 - Level 2.1 Stealth
 + Level 4.8 Spellcasting
 + Level 2.0 Conjurations
 - Level 0.7 Transmutations
 + Level 6.8 Earth Magic


You had 10 spell levels left.
You knew the following spells:

 Your Spells              Type           Power      Damage    Failure   Level
a - Sandblast             Erth           58%        2d13      1%          1
b - Stone Arrow           Conj/Erth      40%        3d9       6%          3
g - Apportation           Tloc           8%         N/A       14%         1

Your spell library contained the following spells:

 Spells                   Type           Power      Damage    Failure   Level
 Passwall                 Tmut/Erth      15%        N/A       4%          2
 Necrotise                Necr           16%        1d4       14%         1
 Summon Small Mammal      Summ           16%        N/A       14%         1
 Petrify                  Tmut/Erth      18%        N/A       28%         4
 Animate Armour           Summ/Erth      32%        N/A       32%         4
 Lehudib's Crystal Spear  Conj/Erth      10%        10d4      100%        8


Dungeon Overview and Level Annotations

Branches:
Dungeon (6/15)
 Temple: D:4-7

Altars:
Okawaru


Innate Abilities, Weirdness & Mutations

You are immune to sickness and miasma.
Your stone body is resilient. (AC +4)
You are immune to poison.
You resist negative energy. (rN+)
You are resistant to electric shocks. (rElec)
You are resistant to unholy torment.
You are immune to petrification.


Message History

The gnoll bouda barks out a call to the hunt!
The gnoll picks up the pace!
The iguana bites you but does no damage.
The blast of sand hits the gnoll bouda.
The gnoll bouda is moderately wounded.
The gnoll hits you but does no damage.
The gnoll bouda hits you with a +0 club.
The iguana bites you!
Your attacks no longer feel as feeble.
The gnoll bouda hits you with a +0 club.
The iguana barely misses you. The gnoll closely misses you.
The gnoll bouda attacks as you move away!
The gnoll bouda hits you with a +0 club!
The gnoll attacks as you move away! The gnoll hits you with a +0 club!
* * * LOW HITPOINT WARNING * * *
The gnoll bouda gazes fiercely through you!
You feel your attacks grow feeble.
There is a stone staircase leading down here.
You can't go up here!
You climb downwards.
There is a stone staircase leading up here.
Casting: Sandblast (safe; 1% risk of failure)
Confirm with . or Enter, or press ? or * to list all spells.
Aiming: Stone Arrow (dangerous; 6% risk of failure)
Press: ? - help, Shift-Dir - straight line, f - gnoll bouda
Aim: a gnoll bouda, wielding a +0 club and wearing a +0 leather armour (moderately wounded, 75% to hit)
You miscast Stone Arrow.
You are very lightly contaminated with residual magic.
Nothing appears to happen.
The gnoll bouda hits you with a +0 club.
* * * LOW HITPOINT WARNING * * *
Casting: Stone Arrow (dangerous; 6% risk of failure)
Confirm with . or Enter, or press ? or * to list all spells.
Aiming: Stone Arrow (dangerous; 6% risk of failure)
Press: ? - help, Shift-Dir - straight line, f/p - gnoll bouda
Aim: a gnoll bouda, wielding a +0 club and wearing a +0 leather armour (lightly wounded, 75% to hit)
The stone arrow hits the gnoll bouda!
The gnoll bouda is severely wounded.
The gnoll bouda hits you with a +0 club!
You die...

#.# ... #.# #.#
#.# #.#
#######.#######
......g@.......
#######.#######
#.# #.# #.# ###


You could see a gnoll bouda.

Vanquished Creatures
  Sigmund (D:3)
  A black bear (D:4)
  A scorpion (D:2)
  A jelly (D:3)
  An orc priest (D:4)
  An iguana (D:4)
  Robin (D:3)
  3 gnolls
  7 adders
  An ufetubus (D:5)
  2 worms (D:2)
  3 dart slugs
  14 orcs
  6 ball pythons
  6 endoplasms
  2 giant cockroaches
  12 goblins
  15 hobgoblins
  A quokka (D:1)
  4 bats
  8 frilled lizards
  9 kobolds
  7 rats
107 creatures vanquished.

Notes
Turn   | Place    | Note
-------+----------+-------------------------------------------
     0 | D:1      | zero the Gargoyle Earth Elementalist began the quest for
                  | the Orb.
     0 | D:1      | Reached XP level 1. HP: 10/10 MP: 3/3
     1 | D:1      | Noticed an electric eel
   128 | D:1      | Reached XP level 2. HP: 16/16 MP: 0/5
   141 | D:1      | Reached skill level 1 in Fighting
   569 | D:1      | Reached skill level 1 in Conjurations
   740 | D:1      | Reached XP level 3. HP: 20/20 MP: 6/6
   744 | D:1      | Learned a level 3 spell: Stone Arrow
   860 | D:2      | Noticed a scorpion
   875 | D:2      | Killed a scorpion
   876 | D:2      | Reached skill level 4 in Earth Magic
   876 | D:2      | Reached XP level 4. HP: 7/27 MP: 6/7
   982 | D:2      | You fall into a shaft and drop 2 floors!
  1088 | D:4      | Reached XP level 5. HP: 27/32 MP: 9/9
  1339 | D:3      | Learned a level 1 spell: Apportation
  1654 | D:3      | Reached skill level 5 in Earth Magic
  1777 | D:3      | Reached XP level 6. HP: 37/37 MP: 11/11
  1944 | D:3      | Noticed Robin
  1951 | D:3      | Killed Robin
  2138 | D:3      | Noticed Sigmund
  2143 | D:3      | Killed Sigmund
  2144 | D:3      | Reached skill level 6 in Earth Magic
  2254 | D:2      | Reached XP level 7. HP: 41/41 MP: 13/13
  2996 | D:2      | Found a faded altar of an unknown god.
  3467 | D:4      | Found an iron altar of Okawaru.
  4046 | D:5      | Entered Level 5 of the Dungeon
  4086 | D:6      | Slain by a gnoll bouda

Illustrated notes

Levels and vault maps discovered:
D:1:      arrival_aquarium_a, layout_basic
D:2:      layout_basic, shapermc_ecumenical_altar_mp_vishouse, minivault_5
D:3:      minmay_bubble_buster, layout_basic, eino_tiny_chamber, uniq_sigmund,
          uniq_robin
D:4:      cheibrodos_old_hovel, layout_loops_ring, amcnicky_altar_gilded
D:5:      layout_loops_ring, minmay_a_box_with_orc_wizards_in_it
D:6:      layout_basic, zin_scriptorium, minmay_temple_entry_antechambers,
          gammafunk_ghost_abyssal_escape, minmay_misc_feat_hallway,
          kennysheep_generic_room_9

Skill      XL: |  1  2  3  4  5  6 |
---------------+-------------------+-----
Fighting       | 1 2 3 |  3.0
Conjurations   | 1 2 |  2.0
Earth Magic    | 4 5 6 |  6.8
Spellcasting   | 3 4 |  4.8
Dodging        | |  1.5
Stealth        | |  2.1
Transmutations | |  0.7

Action                   |  1- 3 |  4- 6 |  7- 9 || total
-------------------------+-------+-------+-------++-------
Melee: Short sword       |     5 |       |       ||     5
 Fire: Sling             |    26 |    78 |    61 ||   165
 Cast: Sandblast         |    14 |    58 |    26 ||    98
       Stone Arrow       |     3 |    10 |    10 ||    23
  Use: Scroll            |       |     1 |       ||     1
Armor: Robe              |    13 |    29 |    17 ||    59
Dodge: Dodged            |    19 |    59 |    31 ||   109

Table legend: (Time is in decaauts)
 A = Elapsed time spent in this place.
 B = Non-inter-level travel time spent in this place.
 C = Inter-level travel time spent in this place.
 D = Time resting spent in this place.
 E = Time spent auto-exploring this place.
 F = Levels seen in this place.
 G = Mean time per level.
                   A        B        C        D        E       F      G
               +--------+--------+--------+--------+--------+-----+--------+
         Total |   4198 |   3964 |    234 |    601 |   2750 |   6 |  699.7 |
       Dungeon |   4198 |   3964 |    234 |    601 |   2750 |   6 |  699.7 |
               +--------+--------+--------+--------+--------+-----+--------+

Top non-repeatable levels by time:
     D:3: 1254 daAuts
     D:2: 1120 daAuts
     D:4: 928 daAuts
     D:1: 850 daAuts
     D:5: 42 daAuts
     D:6: 1 daAuts
